 Dungeon Crawl Stone Soup version 0.23.0-28-g6fe0f4dc8b (webtiles) character file.

Game seed: 9554234405806901682

41634 Jukra the Carver (level 13, -3/183 HPs)
             Began as a Minotaur Berserker on Feb 25, 2019.
             Was an Elder of Trog.
             Killed by divine providence
             ... invoked by an orc priest
             ... summoned by a boggart
              (16 damage)
             ... on level 15 of the Dungeon.
             The game lasted 02:11:06 (15044 turns).

Jukra the Carver (Minotaur Berserker)              Turns: 15044, Time: 02:11:06

Health: -3/183     AC: 30    Str: 34    XL:     13   Next: 81%
Magic:  18/18      EV:  8    Int:  4    God:    Trog [****..]
Gold:   951        SH: 17    Dex: 15    Spells: 13/13 levels left

rFire    + . .     SeeInvis .   X - +0 falchion (holy)
rCold    + . .     Gourm    .   x - +0 shield
rNeg     . . .     Faith    .   e - +8 plate armour {rC+}
rPois    .         Spirit   .   b - +2 hat
rElec    .         Reflect  +   f - scarf {cloud immunity}
rCorr    .         Harm     .   U - +2 pair of gloves {Str+3}
MR       ++...                  w - +2 pair of boots
Stlth    ..........             P - +3 amulet of reflection
HPRegen  0.40/turn              Q - ring of protection from magic
MPRegen  0.16/turn              R - ring of the Will of the Gods {rF+ MR+ EV-3 Dex+4 Stlth+}

@: berserking, corroded, very quick
A: retaliatory headbutt, horns 2, icy blue scales 1, sense surroundings 1
a: Berserk, Trog's Hand, Brothers in Arms, Renounce Religion


You were on level 15 of the Dungeon.
You worshipped Trog.
Trog was greatly pleased with you.
You were hungry.

You visited 2 branches of the dungeon, and saw 16 of its levels.
You also visited: Ossuary and Gauntlet.

You collected 951 gold pieces.

Inventory:

Hand Weapons
 l - a +0 long sword
 I - a +2 flail of protection
 X - a +0 falchion of holy wrath (weapon)
Armour
 b - a +2 hat (worn)
 e - a +8 plate armour of cold resistance (worn)
 f - a scarf of cloud immunity (worn)
 w - a +2 pair of boots (worn)
 x - a +0 shield (worn)
 U - a +2 pair of gloves of strength (worn)
Jewellery
 r - an uncursed ring of positive energy
 t - an uncursed ring of see invisible
 v - an uncursed amulet of guardian spirit
 z - an uncursed ring of resist corrosion
 F - an uncursed ring of ice
 K - an uncursed ring of flight
 L - a +3 ring of intelligence
 N - an uncursed ring of stealth
 P - a +3 amulet of reflection (around neck)
 Q - a ring of protection from magic (left hand)
 R - the ring of the Will of the Gods (right hand) {rF+ MR+ EV-3 Dex+4 Stlth+}
   (You found it on level 14 of the Dungeon)

   [ring of evasion]

   It affects your evasion (-3).
   It affects your dexterity (+4).
   It protects you from fire.
   It affects your resistance to hostile enchantments.
   It makes you more stealthy.
 S - a +2 ring of evasion
 T - the cursed necklace of Bloodlust {*Rage +Rage MR++ Int-3 Slay+6 *Curse}
   (You found it on level 14 of the Dungeon)

   [amulet of rage]

   It affects your intelligence (-3).
   It affects your accuracy and damage with ranged weapons and melee attacks
   (+6).
   It affects your resistance to hostile enchantments.
   It lets you go berserk.
   It may make you go berserk in combat.
   It curses itself when equipped.
   It has a curse placed upon it.
Wands
 i - a wand of paralysis (29)
 k - a wand of acid (20)
 q - a wand of iceblast (11)
 y - a wand of random effects (44)
 A - a wand of digging (6)
 H - a wand of disintegration (7)
Scrolls
 a - 4 scrolls of fog
 g - 3 scrolls of identify
 j - 4 scrolls of magic mapping
 m - a scroll of fear
 n - 3 scrolls of enchant weapon
 o - 7 scrolls of teleportation
 s - a scroll of summoning
 D - 10 scrolls of remove curse
 E - a scroll of random uselessness {unknown}
Potions
 d - 4 potions of flight
 h - 2 potions of magic
 p - 5 potions of curing
 B - 4 potions of agility
 J - 3 potions of brilliance
 O - a potion of haste
Miscellaneous
 V - a phial of floods
 W - a phial of floods
Comestibles
 c - 19 rations


   Skills:
 * Level 13.3 Fighting
 + Level 14.5 Long Blades
   Level 1.8 Staves
 - Level 0.5 Throwing
 * Level 12.2 Armour
 + Level 5.3 Dodging
 - Level 0.2 Stealth
 + Level 12.3 Shields
 - Level 0.5 Spellcasting
 * Level 8.1 Evocations


You had 13 spell levels left.
You didn't know any spells.
Your spell library contained the following spells:

 Spells                   Type           Power        Failure   Level  Hunger
 Animate Skeleton         Necr           N/A          99%         1    ##.....
 Apportation              Tloc           #.....       99%         1    ##.....
 Beastly Appendage        Tmut           #.....       99%         1    ##.....
 Confusing Touch          Hex            #.....       99%         1    ##.....
 Sandblast                Erth           #.....       99%         1    ##.....
 Summon Small Mammal      Summ           #...         99%         1    ##.....
 Blink                    Tloc           N/A          99%         2    ###....
 Shroud of Golubria       Chrm/Tloc      #.........   99%         2    ###....
 Sticks to Snakes         Tmut           #.......     99%         2    ###....
 Gell's Gravitas          Tloc           #.........   100%        3    ####...
 Portal Projectile        Hex/Tloc       #.....       100%        3    ####...
 Spider Form              Tmut/Pois      #.........   100%        3    ####...
 Force Lance              Conj/Tloc      #.......     100%        4    #####..
 Ice Form                 Ice/Tmut       #.......     100%        4    #####..
 Blade Hands              Tmut           #.........   100%        5    ######.
 Bolt of Magma            Conj/Fire/Erth #.........   100%        5    ######.
 Dispersal                Tloc           #.........   100%        6    #######
 Poison Arrow             Conj/Pois      #.........   100%        6    #######
 Chain Lightning          Conj/Air       #.........   100%        8    #######
 Controlled Blink         Tloc           N/A          100%        8    #######
 Disjunction              Tloc           #.........   100%        8    #######
 Lehudib's Crystal Spear  Conj/Erth      #.........   100%        8    #######
 Fire Storm               Conj/Fire      #.........   100%        9    #######
 Glaciate                 Conj/Ice       #.........   100%        9    #######


Dungeon Overview and Level Annotations

Branches:
Dungeon (15/15)            Temple (1/1) D:4            Lair (0/6) D:11
    Orc (0/2) D:11         Vaults (0/5) D:14
 Depths: D:15

Altars:
Ashenzari
Cheibriados
Dithmenos
Elyvilon
Fedhas
Gozag
Hepliaklqana
Kikubaaqudgha
Makhleb
Nemelex Xobeh
Okawaru
Qazlal
Ru
Sif Muna
Trog
Uskayaw
Vehumet
Wu Jian
Xom
Yredelemnul
Zin
The Shining One

Shops:
D:5 =*   D:9 [

Annotations:
D:13 1 runed translucent door


Innate Abilities, Weirdness & Mutations

You reflexively headbutt those who attack you in melee.
You have a pair of horns on your head.
You are partially covered in icy blue scales. (AC +2)
You passively map a small area around you.


Message History

Your headbutt misses the two-headed ogre.
The two-headed ogre is lightly wounded.
You block the brown ugly thing's attack. x2
The orc priest completely misses you.
You block the brown ugly thing's attack.
You hit the two-headed ogre. You headbutt the two-headed ogre!
The two-headed ogre is moderately wounded.
The two-headed ogre changes into a swamp worm!
You closely miss the swamp worm. You headbutt the swamp worm.
The swamp worm is moderately wounded.
The brown ugly thing basks in the mutagenic energy from its kin and changes!
You hear some strange, mumbled words.
The brown ugly thing completely misses you.
You furiously retaliate!
You headbutt the brown ugly thing.
The brown ugly thing kicks you but does no damage.
You slash the swamp worm!
The swamp worm is severely wounded.
The orc priest mumbles some strange prayers to Beogh against you.
Beogh smites you!
You die...

#.Doo.#..###.#####
#Cc...#......#
##c$.##.###..#, *
##†##..# #..#,
##†##..# #..##.#
######..##..#
#.....#
#......###..# #.####
#...§w#####.###....#
#...o@u.......#.####
#...uuu...)...#.#
#....o..........#
#.............###
#.........#####
#.........#
####......# #......#
#......#


You could see 4 ugly things, a swamp worm shaped shifter, an orc priest and an
orc.

Vanquished Creatures
  A sphinx (D:14)
  An ironheart preserver (D:14)
  An ice dragon (D:13)
  2 hydras
  4 centaur warriors
  4 two-headed ogres
  A deep troll earth mage (D:14)
  4 unseen horrors
  A flayed ghost (D:14)
  A deep elf mage (D:10)
  A salamander (shapeshifter) (D:15)
  4 cyclopes
  An ugly thing (D:12)
  3 manticores
  Maurice (D:11)
  2 rust devils (D:6)
  A guardian serpent (shapeshifter) (D:15)
  A rime drake (shapeshifter) (D:15)
  A yaktaur (D:14)
  A tengu conjurer (D:14)
  A queen bee (shapeshifter) (D:13)
  2 hornets
  3 trolls
  A hippogriff (D:8)
  A hippogriff (shapeshifter) (D:15)
  A slime creature (D:14)
  A centaur simulacrum (D:14)
  2 wraiths
  2 shadows
  2 wyverns
  19 yaks
  A basilisk (D:14)
  3 hungry ghosts
  8 vampire mosquitoes
  Duvessa (D:7)
  4 sky beasts
  9 orc warriors
  7 ice beasts
  12 ogres
  3 boggarts
  4 centaurs
  An eye of draining (D:12)
  A crocodile (D:14)
  12 bullfrogs
  2 big kobolds
  A wyvern zombie (D:15)
  Dowan (D:7)
  12 scorpions
  18 killer bees
  9 wights
  5 howler monkeys
  6 centaur zombies
  7 crimson imps
  A bullfrog zombie (D:7)
  2 human zombies (Ossuary)
  A jelly (D:7)
  8 orc priests
  8 bullfrog skeletons
  6 hounds
  11 orc wizards
  4 centaur skeletons
  6 iguanas
  8 worker ants
  2 big kobold zombies (Ossuary)
  3 mummies (Ossuary)
  A howler monkey zombie (D:5)
  4 gnolls (D:7)
  8 adders
  5 scorpion zombies (Ossuary)
  2 shadow imps
  3 adder skeletons
  An adder zombie (D:5)
  A worm (D:2)
  9 leopard geckos
  40 orcs
  7 bats
  5 giant cockroaches
  4 goblins
  5 hobgoblins
  5 jackals
  5 quokkas
  2 ball pythons
  5 frilled lizards
  2 gnoll zombies (Ossuary)
  A goblin zombie (Ossuary)
  9 kobolds
  A kobold zombie (Ossuary)
  An orc zombie (Ossuary)
  7 rats
  A spectral orc (D:3)
392 creatures vanquished.

Vanquished Creatures (collateral kills)
  A fire dragon (D:9)
  3 hydras
  A catoblepas (D:14)
  3 death yaks (D:11)
  3 ugly things
  A cyclops (D:11)
  A manticore (D:13)
  A freezing wraith (D:14)
  A queen bee (D:11)
  A troll (D:13)
  4 yaks (D:10)
  A vampire mosquito (D:14)
  A water moccasin (D:12)
  3 porcupines (D:11)
  An orc warrior (D:13)
  A phantom (D:10)
  An ogre (D:11)
  A big kobold (D:13)
  5 killer bees (D:11)
  3 wights (D:13)
  An iguana (D:14)
  A hell rat (D:11)
  A worker ant (D:11)
  3 jackals (D:7)
  A quokka (D:11)
  3 rats (D:11)
47 creatures vanquished.

Vanquished Creatures (others)
  An unseen horror (D:14)
  A demonic plant (Gauntlet)
  2 withered plants (Gauntlet)
4 creatures vanquished.

Grand Total: 443 creatures vanquished

Notes
Turn   | Place    | Note
-------+----------+-------------------------------------------
     0 | D:1      | Jukra the Minotaur Berserker began the quest for the Orb.
     0 | D:1      | Reached XP level 1. HP: 19/19 MP: 0/0
   139 | D:1      | Reached XP level 2. HP: 23/27 MP: 1/1
   143 | D:1      | Reached skill level 4 in Long Blades
   466 | D:2      | Found a faded altar of an unknown god.
   509 | D:2      | Found a radiant altar of Vehumet.
   512 | D:2      | Found a hide-covered altar of Uskayaw.
   519 | D:2      | Reached ** piety under Trog
   543 | D:2      | Reached XP level 3. HP: 33/33 MP: 2/2
  1536 | D:3      | Reached skill level 5 in Long Blades
  1536 | D:3      | Reached XP level 4. HP: 35/40 MP: 3/3
  1563 | D:3      | Found a basalt altar of Yredelemnul.
  1610 | D:3      | Found a hazy altar of Hepliaklqana.
  1760 | D:4      | Noticed an ogre
  1766 | D:4      | Killed an ogre
  1766 | D:4      | Reached XP level 5. HP: 35/47 MP: 4/4
  1775 | D:4      | Reached skill level 6 in Long Blades
  2017 | D:4      | Got a polished quarterstaff
  2023 | D:4      | Identified the cursed +0 quarterstaff of Eternal Night
                  | {crush, Dex+4} (You found it on level 4 of the Dungeon)
  2073 | D:4      | Found a shadowy altar of Dithmenos.
  2092 | D:4      | Reached XP level 6. HP: 50/53 MP: 5/5
  2146 | D:4      | Found a staircase to the Ecumenical Temple.
  2366 | D:5      | Entered Level 5 of the Dungeon
  2366 | D:5      | Found a shimmering altar of Xom.
  2375 | D:6      | Reached skill level 1 in Staves
  2375 | D:6      | Reached skill level 1 in Shields
  2724 | D:5      | Reached skill level 5 in Fighting
  2724 | D:5      | Reached skill level 1 in Evocations
  2724 | D:5      | Reached XP level 7. HP: 37/61 MP: 6/6
  3053 | D:5      | Found Haruxkida's Serpentskin Sales.
  3060 | D:5      | Reached *** piety under Trog
  3109 | D:5      | Reached skill level 5 in Armour
  3113 | D:5      | Reached skill level 7 in Long Blades
  3291 | D:5      | Found an opulent altar of Gozag.
  3372 | D:5      | Reached XP level 8. HP: 66/70 MP: 8/8
  3524 | D:5      | Found Ydots's Jewellery Emporium.
  3800 | Temple   | Entered the Ecumenical Temple
  4105 | D:6      | Found an iron altar of Okawaru.
  4252 | D:6      | Got a steaming robe
  4253 | D:6      | Identified the +1 robe of Indomitability {rElec MP-9 Int+9
                  | Dex+4} (You found it on level 6 of the Dungeon)
  4302 | D:6      | Reached skill level 8 in Long Blades
  4566 | D:6      | Gained mutation: You passively map a small area around you.
                  | [potion of mutation]
  4566 | D:6      | Gained mutation: You are partially covered in icy blue
                  | scales. (AC +2) [potion of mutation]
  4667 | D:6      | Found a bloodstained altar of Trog.
  4667 | D:6      | Found a glowing silver altar of Zin.
  4668 | D:6      | Found an iron altar of Okawaru.
  5088 | D:7      | Reached skill level 9 in Long Blades
  5099 | D:7      | Reached XP level 9. HP: 78/78 MP: 10/10
  5240 | D:7      | Reached **** piety under Trog
  5247 | D:7      | Reached skill level 10 in Long Blades
  5261 | D:7      | Reached skill level 5 in Shields
  5269 | D:7      | Found a sand-covered staircase.
  5448 | Ossuary  | Entered an ossuary
  5847 | Ossuary  | Reached ***** piety under Trog
  5997 | D:7      | Reached XP level 10. HP: 56/86 MP: 12/12
  6244 | D:7      | Noticed Dowan
  6245 | D:7      | Noticed Duvessa
  6253 | D:7      | Killed Duvessa
  6253 | D:7      | Reached skill level 11 in Long Blades
  6255 | D:7      | Killed Dowan
  6379 | D:7      | Got a fine scale mail
  6385 | D:7      | Identified the +4 scale mail of Vehumet's Castigation {rC+}
                  | (You found it on level 7 of the Dungeon)
  6524 | D:6      | Noticed a rust devil
  6524 | D:6      | Noticed a rust devil
  6537 | D:6      | Killed a rust devil
  6543 | D:6      | Killed a rust devil
  7689 | D:8      | Reached skill level 12 in Long Blades
  8101 | D:9      | Found a burning altar of Makhleb.
  8143 | D:9      | Found Gaobalal's Armour Emporium.
  8159 | D:9      | Found a basalt altar of Yredelemnul.
  8507 | D:9      | Noticed a fire dragon
  8512 | D:9      | Killed a fire dragon
  8512 | D:9      | Reached skill level 5 in Dodging
  8512 | D:9      | Reached XP level 11. HP: 97/97 MP: 13/13
  8729 | D:10     | Entered Level 10 of the Dungeon
  9209 | D:10     | Noticed a deep elf mage
  9225 | D:10     | Reached skill level 5 in Evocations
  9233 | D:10     | Killed a deep elf mage
 10331 | D:11     | Noticed Maurice
 10433 | D:11     | Found a staircase to the Orcish Mines.
 10441 | D:11     | Noticed a death yak
 10441 | D:11     | Noticed a death yak
 10446 | D:11     | Noticed a death yak
 10448 | D:11     | Killed a death yak
 10451 | D:11     | Killed a death yak
 10451 | D:11     | Reached skill level 13 in Long Blades
 10458 | D:11     | Killed a death yak
 10459 | D:11     | Reached skill level 10 in Fighting
 10472 | D:11     | Found a staircase to the Lair.
 10713 | D:11     | Found a gate leading to a gauntlet.
 10726 | Gauntlet | Entered a Gauntlet
 10726 | Gauntlet | Found a transporter.
 10726 | Gauntlet | Found a transporter.
 10727 | Gauntlet | Found a transporter.
 10729 | Gauntlet | Found a transporter.
 10730 | Gauntlet | Found a transporter.
 10730 | Gauntlet | Found a transporter.
 10742 | Gauntlet | Noticed a thrashing horror
 10743 | Gauntlet | Found a transporter.
 10743 | Gauntlet | Found a transporter.
 10746 | Gauntlet | Found a transporter.
 10746 | Gauntlet | Found a transporter.
 10753 | Gauntlet | Noticed a balrug
 10756 | Gauntlet | Found a transporter.
 10756 | Gauntlet | Noticed a dire elephant
 10757 | Gauntlet | Found a transporter.
 10821 | D:11     | Noticed a seven-headed hydra
 10829 | D:11     | Killed an eight-headed hydra
 10854 | D:11     | Killed Maurice
 10889 | D:11     | Noticed a red ugly thing
 10894 | D:11     | Killed a red ugly thing
 11121 | D:12     | Got a polished ring mail
 11122 | D:12     | Identified the +5 ring mail "Nawnykk" {rPois Regen+} (You
                  | found it on level 12 of the Dungeon)
 11128 | D:12     | Noticed an unseen horror
 11139 | D:12     | Killed an unseen horror
 11139 | D:12     | Received a gift from Trog
 11254 | D:12     | Noticed a red ugly thing
 11267 | D:12     | Killed a red ugly thing
 11267 | D:12     | Reached XP level 12. HP: 107/107 MP: 15/15
 11483 | D:12     | Reached skill level 10 in Armour
 11679 | D:12     | Identified a scroll of acquirement
 11992 | D:12     | Reached skill level 10 in Shields
 12158 | D:13     | Found a runed translucent door.
 12159 | D:13     | Noticed a four-headed hydra
 12183 | D:13     | Killed a 14-headed hydra
 12362 | D:13     | Noticed an ice dragon
 12378 | D:13     | Noticed a four-headed hydra
 12392 | D:13     | Killed a four-headed hydra
 12408 | D:13     | Killed an ice dragon
 12454 | D:13     | Noticed a two-headed ogre
 12465 | D:13     | Killed a two-headed ogre
 12481 | D:13     | Found a runed translucent door.
 12529 | D:13     | Noticed a two-headed ogre
 12532 | D:13     | Killed a two-headed ogre
 12578 | D:13     | Reached skill level 14 in Long Blades
 12826 | D:13     | Noticed a centaur warrior
 12836 | D:13     | Killed a centaur warrior
 12973 | D:13     | Noticed a seven-headed hydra
 12986 | D:13     | Killed a nine-headed hydra
 13691 | D:14     | Found a gate to the Vaults.
 13691 | D:14     | Noticed an ironheart preserver
 13704 | D:14     | Reached XP level 13. HP: 105/117 MP: 17/17
 13723 | D:14     | Killed an ironheart preserver
 13975 | D:14     | Found a runed translucent door.
 14004 | D:14     | Found the cursed necklace of Bloodlust {*Rage +Rage MR++
                  | Int-3 Slay+6 *Curse}
 14044 | D:14     | Identified the Disquisition on Warped Clay
 14458 | D:14     | Noticed a sphinx
 14483 | D:14     | Killed a sphinx
 14489 | D:14     | Got a steaming jade ring
 14491 | D:14     | Identified the cursed ring of the Will of the Gods {rF+ MR+
                  | EV-3 Dex+4 Stlth+} (You found it on level 14 of the
                  | Dungeon)
 14799 | D:15     | Entered Level 15 of the Dungeon
 14823 | D:15     | Found a bloodstained altar of Trog.
 15044 | D:15     | Killed from afar by an orc priest

Skill      XL: |  1  2  3  4  5  6  7  8  9 10 11 12 13 |
---------------+----------------------------------------+-----
Long Blades    | 4 5 6 7 9 10 12 13 14 | 14.5
Fighting       | 4 5 6 7 9 10 11 13 | 13.3
Armour         | 3 4 5 6 7 8 9 11 12 | 12.2
Dodging        | 3 4 5 |  5.3
Staves         | 1 |  1.8
Shields        | 1 2 4 5 7 9 10 12 | 12.3
Evocations     | 1 2 3 4 6 7 8 |  8.1
Throwing       | |  0.5
Stealth        | |  0.2
Spellcasting   | |  0.5

Action                   |  1- 3 |  4- 6 |  7- 9 | 10-12 | 13-15 || total
-------------------------+-------+-------+-------+-------+-------++-------
Melee: Falchion          |    28 |       |       |       |   128 ||   156
       Long sword        |    50 |    31 |   361 |   802 |   178 ||  1422
       Headbutt          |    11 |    20 |    98 |   202 |   112 ||   443
       Quarterstaff      |       |    43 |       |       |       ||    43
Throw: Tomahawk          |       |     4 |     3 |       |       ||     7
Invok: Berserk           |       |     3 |     5 |     8 |     4 ||    20
       Trog's Hand       |       |       |     1 |     1 |     3 ||     5
       Brothers in Arms  |       |       |       |    16 |     3 ||    19
 Abil: Stop Flying       |       |       |     1 |       |       ||     1
       Evoke Flight      |       |       |     1 |       |       ||     1
Evoke: Wand              |       |       |    11 |     9 |     1 ||    21
  Use: Scroll            |     2 |     8 |     3 |    13 |     8 ||    34
       Potion            |       |     7 |     4 |     3 |     4 ||    18
 Stab: Invisible         |       |       |       |     5 |       ||     5
  Eat: Ration            |     1 |     1 |     3 |     7 |     2 ||    14
       Chunk             |       |       |     8 |    15 |     4 ||    27
Armor: Ring mail         |    43 |    51 |   115 |     4 |       ||   213
       Animal skin       |     2 |       |       |       |       ||     2
       Plate armour      |       |       |       |   363 |   272 ||   635
       Scale mail        |       |       |       |     5 |       ||     5
Dodge: Dodged            |    57 |    65 |   121 |   218 |    87 ||   548
Block: Shield            |       |       |   169 |   464 |   305 ||   938
       Reflection        |       |       |       |     7 |    20 ||    27
       Rpst.: Falchion   |     4 |       |       |       |    13 ||    17
       Long sword        |     7 |     4 |    32 |    42 |     8 ||    93
